R+ - U24
CALGARY CANNONS @ MOOSE JAW DIAMOND DOGS
09/04/2052
 
TOP OF THE 1ST
Billings Mustangs batting - Pitching for Pueblo Indians : RHP Josué Camacho
Pitching: RHP Josué Camacho
Batting: LHB Greg Knauf 0-0: Foul Ball, location: 2F
0-1: Called Strike
0-2: Ball
1-2: Strikes out looking
Batting: LHB Felipe Hernandez 0-0: Swinging Strike
0-1: Called Strike
0-2: Ball
1-2: Ball
2-2: Foul Ball, location: 2F
2-2: Strikes out swinging
Batting: RHB Gerard Aponte 0-0: Ball
1-0: Swinging Strike
1-1: Foul Ball, location: 2F
1-2: Ball
2-2: Strikes out swinging, 2-3 out at first.
Top of the 1st over - 0 runs, 0 hits, 0 errors, 0 left on base; Billings 0 - Pueblo 0
BOTTOM OF THE 1ST
Pueblo Indians batting - Pitching for Billings Mustangs : RHP Jameon Sage
Pitching: RHP Jameon Sage
Batting: SHB Johnny Moore 0-0: Called Strike
0-1: Foul Ball, location: 2F
0-2: Ball
1-2: SINGLE (Groundball, 2R, EV 70.6 MPH) (infield hit)
Batting: LHB Manny Lucio 0-0: Ball
Johnny Moore steals 2nd base
1-0: Ground out 4-3 (Groundball, 34, EV 86.2 MPH)
Johnny Moore to third
Batting: RHB Butch Galloway 0-0: Ball
1-0: Ball
2-0: Called Strike
2-1: Called Strike
2-2: Foul Ball, location: 2F
2-2: Ground out 5-3 (Groundball, 56S, EV 68.1 MPH)
Johnny Moore scores
Batting: LHB Malcolm Ketchum 0-0: Ball
1-0: Foul Ball, location: 2F
1-1: Ball
2-1: Ball
3-1: Base on Balls
Batting: RHB Chance Keech 0-0: Ball
1-0: Reached on error, E1 (Groundball, 15S, EV 66.9 MPH)
Malcolm Ketchum to second
Batting: RHB P.J. Carey 0-0: Called Strike
0-1: SINGLE (Line Drive, 4D, EV 93.8 MPH)
Malcolm Ketchum to third
Chance Keech to second
Runner from 3rd tries for Home, SAFE, throw by CF to home
Batting: RHB Max Boisvert 0-0: Fielders Choice at 2nd, 6-4 (Groundball, 6, EV 89.4 MPH)
Bottom of the 1st over - 2 runs, 2 hits, 1 error, 2 left on base; Billings 0 - Pueblo 2
TOP OF THE 2ND
Billings Mustangs batting - Pitching for Pueblo Indians : RHP Josué Camacho
Batting: RHB Brandon Kendall 0-0: Ball
1-0: Foul Ball, location: 2F
1-1: Ball
2-1: Ball
3-1: Called Strike
3-2: Base on Balls
Batting: SHB Dwaine Echevarria 0-0: Fly out, F6 (Popup, 6MS, EV 66.9 MPH)
Batting: RHB Travis Parsons 0-0: Called Strike
0-1: Swinging Strike
0-2: Strikes out swinging
Batting: RHB Jason O'Daniel 0-0: Called Strike
0-1: Fly out, F7 (Flyball, 7LS, EV 90.0 MPH)
Top of the 2nd over - 0 runs, 0 hits, 0 errors, 1 left on base; Billings 0 - Pueblo 2
BOTTOM OF THE 2ND
Pueblo Indians batting - Pitching for Billings Mustangs : RHP Jameon Sage
Batting: RHB Cristóbal Rios 0-0: Foul Ball, location: 2F
0-1: Foul Ball, location: 2F
0-2: Strikes out swinging
Batting: RHB Malcolm Katz 0-0: Ball
1-0: Fly out, F9 (Flyball, 9, EV 93.1 MPH)
Batting: SHB Johnny Moore 0-0: Swinging Strike
0-1: Foul Ball, location: 2F
0-2: Ground out U3 (Groundball, 3, EV 83.8 MPH)
Bottom of the 2nd over - 0 runs, 0 hits, 0 errors, 0 left on base; Billings 0 - Pueblo 2
TOP OF THE 3RD
Billings Mustangs batting - Pitching for Pueblo Indians : RHP Josué Camacho
Batting: LHB Hayden Browman 0-0: Swinging Strike
0-1: Called Strike
0-2: Foul Ball, location: 2F
0-2: Strikes out swinging
Batting: RHB Giovanni Eckler 0-0: Ball
1-0: Ball
2-0: Fly out, F5 (Line Drive, 5, EV 68.8 MPH)
Batting: LHB Greg Knauf 0-0: Ball
1-0: Called Strike
1-1: Ground out U3 (Groundball, 3L, EV 78.1 MPH)
Top of the 3rd over - 0 runs, 0 hits, 0 errors, 0 left on base; Billings 0 - Pueblo 2
BOTTOM OF THE 3RD
Pueblo Indians batting - Pitching for Billings Mustangs : RHP Jameon Sage
Batting: LHB Manny Lucio 0-0: Ball
1-0: Swinging Strike
1-1: Foul Ball, location: 2F
1-2: Ball
2-2: Foul Ball, location: 2F
2-2: Foul Ball, location: 2F
2-2: Foul Ball, location: 2F
2-2: SOLO HOME RUN (Flyball, 9D, EV 95.0 MPH), Distance : 356 ft
Batting: RHB Butch Galloway 0-0: Ground out 6-3 (Groundball, 56, EV 87.5 MPH)
Batting: LHB Malcolm Ketchum 0-0: Ground out U3 (Groundball, 3L, EV 102.5 MPH)
Batting: RHB Chance Keech 0-0: Ball
1-0: Fly out, F8 (Flyball, 8LS, EV 78.1 MPH)
Bottom of the 3rd over - 1 run, 1 hit, 0 errors, 0 left on base; Billings 0 - Pueblo 3
TOP OF THE 4TH
Billings Mustangs batting - Pitching for Pueblo Indians : RHP Josué Camacho
Batting: LHB Felipe Hernandez 0-0: Called Strike
0-1: Called Strike
0-2: Ball
1-2: Strikes out swinging
Batting: RHB Gerard Aponte 0-0: Ground out 5-3 (Groundball, 56, EV 103.8 MPH)
Batting: RHB Brandon Kendall 0-0: Ball
1-0: Foul Ball, location: 2F
1-1: Ball
2-1: Swinging Strike
2-2: Foul Ball, location: 2F
2-2: SINGLE (Groundball, 4M, EV 100.0 MPH) (infield hit)
Batting: SHB Dwaine Echevarria 0-0: Called Strike
0-1: Fly out, F7 (Flyball, 78D, EV 92.5 MPH)
Top of the 4th over - 0 runs, 1 hit, 0 errors, 1 left on base; Billings 0 - Pueblo 3
BOTTOM OF THE 4TH
Pueblo Indians batting - Pitching for Billings Mustangs : RHP Jameon Sage
Batting: RHB P.J. Carey 0-0: Ground out 5-3 (Groundball, 56S, EV 80.6 MPH)
Batting: RHB Max Boisvert 0-0: Ball
1-0: Called Strike
1-1: Ball
2-1: Called Strike
2-2: Foul Ball, location: 2F
2-2: Strikes out swinging
Batting: RHB Cristóbal Rios 0-0: Reached on error, E6 (Groundball, 6, EV 102.5 MPH)
Batting: RHB Malcolm Katz 0-0: Ball
1-0: Ground out 1-3 (Groundball, 13, EV 65.0 MPH)
Bottom of the 4th over - 0 runs, 0 hits, 1 error, 1 left on base; Billings 0 - Pueblo 3
TOP OF THE 5TH
Billings Mustangs batting - Pitching for Pueblo Indians : RHP Josué Camacho
Batting: RHB Travis Parsons 0-0: Foul Ball, location: 2F
0-1: Called Strike
0-2: Ball
1-2: Strikes out swinging
Batting: RHB Jason O'Daniel 0-0: Foul Ball, location: 2F
0-1: SINGLE (Flyball, 78S, EV 95.6 MPH)
Batting: LHB Hayden Browman 0-0: Foul Ball, location: 2F
0-1: Called Strike
0-2: Fielders Choice at 2nd, 3-6 (Groundball, 34, EV 90.6 MPH)
Batting: RHB Giovanni Eckler 0-0: Called Strike
Hayden Browman steals 2nd base
0-1: Foul Ball, location: 2F
0-2: Strikes out swinging
Top of the 5th over - 0 runs, 1 hit, 0 errors, 1 left on base; Billings 0 - Pueblo 3
BOTTOM OF THE 5TH
Pueblo Indians batting - Pitching for Billings Mustangs : RHP Jameon Sage
Batting: SHB Johnny Moore 0-0: Foul Ball, location: 2F
0-1: Ground out 5-3 (Groundball, 5, EV 105.0 MPH)
Batting: LHB Manny Lucio 0-0: Called Strike
0-1: Ball
1-1: Ball
2-1: Foul Ball, location: 2F
2-2: Ball
3-2: Fly out, F1 (Line Drive, P, EV 66.2 MPH)
Batting: RHB Butch Galloway 0-0: Fly out, F8 (Line Drive, 8LM, EV 90.0 MPH)
Bottom of the 5th over - 0 runs, 0 hits, 0 errors, 0 left on base; Billings 0 - Pueblo 3
TOP OF THE 6TH
Billings Mustangs batting - Pitching for Pueblo Indians : RHP Josué Camacho
Batting: LHB Greg Knauf 0-0: Foul Ball, location: 2F
0-1: Ball
1-1: Foul Ball, location: 2F
1-2: Ball
2-2: Ball
3-2: Ground out 4-3 (Groundball, 4, EV 83.1 MPH)
Batting: LHB Felipe Hernandez 0-0: Ball
1-0: Called Strike
1-1: Ball
2-1: Foul Ball, location: 2F
2-2: Ball
3-2: SINGLE (Groundball, 56D, EV 101.9 MPH)
Batting: RHB Gerard Aponte 0-0: Foul Ball, location: 2F
0-1: Called Strike
0-2: Strikes out looking
Batting: RHB Brandon Kendall 0-0: Called Strike
0-1: Swinging Strike
0-2: Ball
1-2: Foul Ball, location: 2F
1-2: Ball
2-2: Ball
3-2: DOUBLE (Line Drive, 78D, EV 106.9 MPH)
Felipe Hernandez to third
Felipe Hernandez scores
Batting: SHB Dwaine Echevarria 0-0: Foul Ball, location: 2F
0-1: Ball
1-1: Ground out 5-3 (Groundball, 56S, EV 85.6 MPH)
Top of the 6th over - 1 run, 2 hits, 0 errors, 1 left on base; Billings 1 - Pueblo 3
BOTTOM OF THE 6TH
Pueblo Indians batting - Pitching for Billings Mustangs : RHP Jameon Sage
Batting: LHB Malcolm Ketchum 0-0: Ball
1-0: SOLO HOME RUN (Flyball, 9D, EV 95.6 MPH), Distance : 367 ft
Batting: RHB Chance Keech 0-0: Ball
1-0: Ball
2-0: Foul Ball, location: 2F
2-1: Ball
3-1: Ground out 6-3 (Groundball, 56, EV 98.1 MPH)
Batting: RHB P.J. Carey 0-0: Ball
1-0: Ground out 1-3 (Groundball, 15S, EV 66.9 MPH)
Batting: RHB Max Boisvert 0-0: Ball
1-0: Ball
2-0: Ball
3-0: Base on Balls
Batting: RHB Cristóbal Rios 0-0: Ball
1-0: Called Strike
1-1: Ball
Wild Pitch!
Max Boisvert to second
2-1: Foul Ball, location: 2F
2-2: Fly out, F9 (Flyball, 89S, EV 85.6 MPH)
Bottom of the 6th over - 1 run, 1 hit, 0 errors, 1 left on base; Billings 1 - Pueblo 4
TOP OF THE 7TH
Billings Mustangs batting - Pitching for Pueblo Indians : RHP Josué Camacho
Now at 2B: Danny Weeks
Now at SS: Malcolm Katz
Now in RF: Edwin Park
Batting: RHB Travis Parsons 0-0: Swinging Strike
0-1: Ball
1-1: Called Strike
1-2: Strikes out swinging
Batting: RHB Jason O'Daniel 0-0: Called Strike
0-1: Fly out, F9 (Flyball, 89M, EV 84.4 MPH)
Batting: LHB Hayden Browman 0-0: Called Strike
0-1: Fly out, F8 (Flyball, 8RXD, EV 104.4 MPH)
Top of the 7th over - 0 runs, 0 hits, 0 errors, 0 left on base; Billings 1 - Pueblo 4
BOTTOM OF THE 7TH
Pueblo Indians batting - Pitching for Billings Mustangs : RHP Jameon Sage
Batting: RHB Malcolm Katz 0-0: Called Strike
0-1: SOLO HOME RUN (Flyball, 89XD, EV 106.2 MPH), Distance : 417 ft
Pitching: RHP Yenaido Acevedo
Batting: SHB Johnny Moore 0-0: Fly out, F7 (Flyball, 78M, EV 81.2 MPH)
Batting: LHB Manny Lucio 0-0: Ball
1-0: Called Strike
1-1: Swinging Strike
1-2: Ball
2-2: Ball
3-2: Foul Ball, location: 2F
3-2: Foul Ball, location: 2F
3-2: Ground out 5-3 (Groundball, 56, EV 87.5 MPH)
Batting: RHB Butch Galloway 0-0: Ball
1-0: Foul Ball, location: 2F
1-1: Ball
2-1: Ground out 6-3 (Groundball, 6, EV 85.0 MPH)
Bottom of the 7th over - 1 run, 1 hit, 0 errors, 0 left on base; Billings 1 - Pueblo 5
TOP OF THE 8TH
Billings Mustangs batting - Pitching for Pueblo Indians : RHP Josué Camacho
Pitching: RHP Truman Bellanger
Batting: RHB Giovanni Eckler 0-0: Called Strike
0-1: Ball
1-1: Ball
2-1: Foul Ball, location: 2F
2-2: Reached on error, E6 (Groundball, 6, EV 85.6 MPH)
Batting: LHB Greg Knauf 0-0: Swinging Strike
0-1: DOUBLE (Line Drive, 89D, EV 107.5 MPH)
Giovanni Eckler scores
Pinch Runner at 2nd Andy Riquenes:
Batting: LHB Felipe Hernandez 0-0: Foul Ball, location: 2F
0-1: Ball
1-1: Ball
2-1: Foul Ball, location: 2F
2-2: Ball
3-2: Fly out, F9 (Flyball, 9, EV 86.2 MPH)
Batting: RHB Gerard Aponte 0-0: Called Strike
0-1: Foul Ball, location: 2F
0-2: Hit by Pitch
Batting: RHB Brandon Kendall 0-0: Called Strike
0-1: Ball
1-1: DOUBLE (Line Drive, 7LS, EV 101.9 MPH)
Andy Riquenes scores
Gerard Aponte to third
Batting: SHB Dwaine Echevarria 0-0: Ground out 6-3 (Groundball, 6, EV 100.6 MPH)
Gerard Aponte scores
Batting: RHB Travis Parsons 0-0: SINGLE (Line Drive, 7S, EV 87.5 MPH)
Brandon Kendall to third
Runner from 3rd tries for Home, SAFE, throw by LF to home
Travis Parsons to second
Pitching: LHP Jesse Balderrama
Batting: RHB Jason O'Daniel 0-0: Ball
1-0: Reached on error, E6 (Popup, 6MS, EV 74.4 MPH)
Travis Parsons to third
Pinch Hitting: RHB Isaac Maposua 0-0: Foul Ball, location: 2F
0-1: Ball
1-1: Ball
2-1: Called Strike
2-2: Ground out 4-3 (Groundball, 34, EV 85.0 MPH)
Top of the 8th over - 4 runs, 3 hits, 2 errors, 2 left on base; Billings 5 - Pueblo 5
BOTTOM OF THE 8TH
Pueblo Indians batting - Pitching for Billings Mustangs : RHP Yenaido Acevedo
Now in LF: Isaac Maposua
Now in CF: Dalmacio Escobar
Pinch Hitting: LHB Bobby Kent 0-0: Foul Ball, location: 2F
0-1: Ball
1-1: Ball
2-1: Swinging Strike
2-2: Ball
3-2: Foul Ball, location: 2F
3-2: Ground out 4-3 (Groundball, 4, EV 81.2 MPH)
Batting: RHB Chance Keech 0-0: Ball
1-0: Fly out, F4 (Popup, 34, EV 67.5 MPH)
Batting: RHB P.J. Carey 0-0: Foul Ball, location: 2F
0-1: Swinging Strike
0-2: Strikes out swinging
Bottom of the 8th over - 0 runs, 0 hits, 0 errors, 0 left on base; Billings 5 - Pueblo 5
TOP OF THE 9TH
Billings Mustangs batting - Pitching for Pueblo Indians : LHP Jesse Balderrama
Now in RF: Chase Hightower
Batting: RHB Giovanni Eckler 0-0: Foul Ball, location: 2F
0-1: Called Strike
0-2: Strikes out swinging
Batting: RHB Dalmacio Escobar 0-0: Ball
1-0: Ball
2-0: Foul Ball, location: 2F
2-1: Called Strike
2-2: Ball
3-2: Foul Ball, location: 2F
3-2: Foul Ball, location: 2F
3-2: Fly out, F7 (Flyball, 7, EV 95.0 MPH)
Batting: LHB Felipe Hernandez 0-0: Ball
1-0: Ball
2-0: Ball
3-0: Base on Balls
Batting: RHB Gerard Aponte 0-0: Swinging Strike
0-1: Foul Ball, location: 2F
0-2: Foul Ball, location: 2F
0-2: Foul Ball, location: 2F
0-2: Strikes out looking
Top of the 9th over - 0 runs, 0 hits, 0 errors, 1 left on base; Billings 5 - Pueblo 5
BOTTOM OF THE 9TH
Pueblo Indians batting - Pitching for Billings Mustangs : RHP Yenaido Acevedo
Pitching: RHP T.J. Rusk
Batting: LHB Danny Weeks 0-0: Ball
1-0: Foul Ball, location: 2F
1-1: Swinging Strike
1-2: Foul Ball, location: 2F
1-2: Foul Ball, location: 2F
1-2: Ball
2-2: Strikes out swinging
Batting: RHB Cristóbal Rios 0-0: Ball
1-0: Called Strike
1-1: SINGLE (Groundball, 6D, EV 103.1 MPH)
Batting: RHB Malcolm Katz 0-0: Ball
1-0: Ball
2-0: Foul Ball, location: 2F
2-1: Foul Ball, location: 2F
2-2: Fielders Choice at 2nd, 4-6 (Groundball, 34, EV 90.0 MPH)
Batting: SHB Johnny Moore 0-0: Ball
1-0: Swinging Strike
1-1: Ball
2-1: Fly out, F7 (Flyball, 7S, EV 95.6 MPH)
Bottom of the 9th over - 0 runs, 1 hit, 0 errors, 1 left on base; Billings 5 - Pueblo 5
TOP OF THE 10TH
Billings Mustangs batting - Pitching for Pueblo Indians : LHP Jesse Balderrama
Pitching: RHP Stu Huff
Batting: RHB Brandon Kendall 0-0: Ball
1-0: Ball
2-0: Swinging Strike
2-1: Ball
3-1: Base on Balls
Batting: SHB Dwaine Echevarria 0-0: Ball
1-0: Fly out, F7 (Flyball, 7LS, EV 80.6 MPH)
Batting: RHB Travis Parsons 0-0: Swinging Strike
0-1: Called Strike
0-2: Foul Ball, location: 2F
0-2: Foul Ball, location: 2F
0-2: Ball
1-2: Strikes out swinging
Batting: RHB Jason O'Daniel 0-0: Ball
1-0: Ground out U3 (Groundball, 3, EV 90.6 MPH)
Top of the 10th over - 0 runs, 0 hits, 0 errors, 1 left on base; Billings 5 - Pueblo 5
BOTTOM OF THE 10TH
Pueblo Indians batting - Pitching for Billings Mustangs : RHP T.J. Rusk
Batting: LHB Manny Lucio 0-0: Called Strike
0-1: Swinging Strike
0-2: Ground out 6-3 (Groundball, 6S, EV 88.1 MPH)
Batting: RHB Butch Galloway 0-0: Ball
1-0: Foul Ball, location: 2F
1-1: Ground out 6-3 (Groundball, 6, EV 95.0 MPH)
Batting: RHB Chase Hightower 0-0: Swinging Strike
0-1: Ball
1-1: Swinging Strike
1-2: Strikes out looking
Bottom of the 10th over - 0 runs, 0 hits, 0 errors, 0 left on base; Billings 5 - Pueblo 5
TOP OF THE 11TH
Billings Mustangs batting - Pitching for Pueblo Indians : RHP Stu Huff
Batting: RHB Isaac Maposua 0-0: Ball
1-0: Called Strike
1-1: Foul Ball, location: 2F
1-2: Strikes out looking
Pinch Hitting: SHB Nick Cerda Jr. 0-0: Swinging Strike
0-1: Called Strike
0-2: Strikes out swinging
Batting: RHB Dalmacio Escobar 0-0: Called Strike
0-1: Called Strike
0-2: Strikes out swinging
Top of the 11th over - 0 runs, 0 hits, 0 errors, 0 left on base; Billings 5 - Pueblo 5
BOTTOM OF THE 11TH
Pueblo Indians batting - Pitching for Billings Mustangs : RHP T.J. Rusk
Pitching: LHP J.C. Rivera
Now at SS: Manny Crawford
Batting: RHB Chance Keech 0-0: Called Strike
0-1: Called Strike
0-2: Ball
1-2: Ball
2-2: DOUBLE (Groundball, 5L, EV 94.4 MPH)
Batting: RHB P.J. Carey 0-0: Intentional Walk
Batting: LHB Danny Weeks 0-0: Bunted foul
0-1: Ball
1-1: Ball
2-1: Bunted foul
2-2: Foul Ball, location: 2F
2-2: Foul Ball, location: 2F
2-2: Fly out, F7 (Flyball, 78D, EV 74.4 MPH)
Runner from 2nd tags up, SAFE at 3rd with throw by LF
Batting: RHB Cristóbal Rios 0-0: Foul Ball, location: 2F
0-1: Ball
1-1: Swinging Strike
1-2: Strikes out swinging
Batting: RHB Malcolm Katz 0-0: Ball
1-0: Ball
2-0: Called Strike
2-1: Ground out 5-3 (Groundball, 56S, EV 81.2 MPH)
Bottom of the 11th over - 0 runs, 1 hit, 0 errors, 2 left on base; Billings 5 - Pueblo 5
TOP OF THE 12TH
Billings Mustangs batting - Pitching for Pueblo Indians : RHP Stu Huff
Batting: LHB Felipe Hernandez 0-0: Ball
1-0: Swinging Strike
1-1: Swinging Strike
1-2: Foul Ball, location: 2F
1-2: Ball
2-2: Strikes out swinging, 2-3 out at first.
Batting: RHB Gerard Aponte 0-0: Swinging Strike
0-1: Foul Ball, location: 2F
0-2: Ball
1-2: Foul Ball, location: 2F
1-2: Ball
2-2: Ball
3-2: Fly out, F8 (Line Drive, 8LM, EV 96.2 MPH)
Batting: RHB Brandon Kendall 0-0: Ball
1-0: Ball
2-0: Called Strike
2-1: Ball
3-1: Swinging Strike
3-2: Foul Ball, location: 2F
3-2: Base on Balls
Pitching: RHP Samuel Dickman
Batting: SHB Dwaine Echevarria 0-0: Ball
1-0: Foul Ball, location: 2F
1-1: Ground out U3 (Groundball, 34, EV 86.9 MPH)
Top of the 12th over - 0 runs, 0 hits, 0 errors, 1 left on base; Billings 5 - Pueblo 5
BOTTOM OF THE 12TH
Pueblo Indians batting - Pitching for Billings Mustangs : LHP J.C. Rivera
Batting: SHB Johnny Moore 0-0: Ball
1-0: Ground out 6-3 (Groundball, 56, EV 98.8 MPH)
Batting: LHB Manny Lucio 0-0: Ball
1-0: Ball
2-0: Fly out, F4 (Line Drive, 4, EV 75.6 MPH)
Batting: RHB Butch Galloway 0-0: Called Strike
0-1: Foul Ball, location: 2F
0-2: Ball
1-2: Ground out 5-3 (Groundball, 5, EV 78.8 MPH)
Bottom of the 12th over - 0 runs, 0 hits, 0 errors, 0 left on base; Billings 5 - Pueblo 5
TOP OF THE 13TH
Billings Mustangs batting - Pitching for Pueblo Indians : RHP Samuel Dickman
Batting: RHB Travis Parsons 0-0: Ball
1-0: Ball
2-0: Swinging Strike
2-1: Ball
3-1: Base on Balls
Batting: RHB Jason O'Daniel 0-0: Swinging Strike
0-1: Ball
1-1: Swinging Strike
1-2: Fly out, F7 (Flyball, 7D, EV 96.9 MPH)
Batting: RHB Isaac Maposua 0-0: Called Strike
0-1: Called Strike
0-2: SINGLE (Line Drive, 9S, EV 89.4 MPH)
Travis Parsons to second
Runner from 2nd tries for 3rd, SAFE, throw by RF made to third
Batting: RHB Manny Crawford 0-0: Foul Ball, location: 2F
0-1: Fly out, F8 (Flyball, 8LS, EV 80.0 MPH)
Batting: RHB Dalmacio Escobar 0-0: Reached on error, E5 (Groundball, 5S, EV 87.5 MPH)
Travis Parsons scores
Isaac Maposua to second
Batting: LHB Felipe Hernandez 0-0: Fly out, F3 (Flyball, 3D, EV 92.5 MPH)
Top of the 13th over - 1 run, 1 hit, 1 error, 2 left on base; Billings 6 - Pueblo 5
BOTTOM OF THE 13TH
Pueblo Indians batting - Pitching for Billings Mustangs : LHP J.C. Rivera
Batting: RHB Chase Hightower 0-0: Ball
1-0: Ball
2-0: SINGLE (Groundball, 6, EV 97.5 MPH)
Pitching: RHP Wilson Tinajero
Batting: RHB Chance Keech 0-0: Foul Ball, location: 2F
0-1: Fly out, F7 (Flyball, 7D, EV 106.2 MPH)
Runner from 1st tags up, SAFE at 2nd
Batting: RHB P.J. Carey 0-0: Ball
1-0: Foul Ball, location: 2F
1-1: Ball
2-1: Swinging Strike
2-2: Strikes out swinging
Batting: LHB Danny Weeks 0-0: Fly out, F7 (Flyball, 78XD, EV 110.0 MPH)
Bottom of the 13th over - 0 runs, 1 hit, 0 errors, 1 left on base; Billings 6 - Pueblo 5
Monday, May 6th , 2024 - OOTP Baseball 24.11 Build 85